AoeStats
← rbn.badri

Arabian Desert

509504528Analyzed
1v1 RM · 5d ago on Sep 27, 2026· 46m 55s· 2 players
Game mode
Random Map
Map size
Tiny (2 player)
Population
200
Speed
Normal
Resources
Standard
Victory
Conquest
Starting age
Dark Age
Ending age
Imperial Age
RankedLock teamsTeams togetherTeam positionsShared explorationLock speedFull tech treeHidden civsTurbo modeCheats
Victory
Defeat
🇮🇳 Inca · India
1143
+14
🇺🇸 Italians · United States
1102
-14
rbn.badri
8:02 Loom
10:20 Feudal Age
10:44 Champi Runner
11:08 Horse Collar
11:13 Double-Bit Axe
16:54 Fletching
18:18 Padded Archer Armor
24:18 Castle Age
23:26 Scale Mail Armor
23:36 Forging
24:24 Champi Warrior
25:20 Chain Mail Armor
30:57 Squires
30:42 Arson
35:58 Wheelbarrow
35:08 Town Watch
37:52 Heavy Plow
38:02 Bow Saw
37:42 Gold Mining
37:43 Stone Mining
37:49 Stone Mining
42:13 Imperial Age
46:55 Plate Mail Armor
The_Salamander
10:15 Feudal Age
10:48 Double-Bit Axe
21:25 Castle Age
24:30 Scale Barding Armor
24:36 Forging
24:49 Gold Mining
25:25 Bloodlines
27:22 Loom
27:57 Horse Collar
40:04 Wheelbarrow
44:13 Husbandry
48:55 Imperial Age
Connection lost

Rejoining the realm…

Still unreachable

The connection could not be restored.

Session expired

The server has moved on; the page needs a fresh start.